 Dungeon Crawl Stone Soup version 0.28.0-53-g5a82cb258f (webtiles) character file.

Game seed: 9721643891501888135

5642 Peloso the Carver (level 10, -14/91 HPs)
             Began as a Minotaur Fighter on July 15, 2022.
             Killed by vampiric draining
             ... invoked by a vampire
              (18 damage)
             ... on level 7 of the Dungeon.
             The game lasted 00:11:53 (8769 turns).

Peloso the Carver (Minotaur Fighter)                Turns: 8769, Time: 00:11:54

Health: -14/91     AC: 14    Str: 22    XL:     10   Next: 46%
Magic:  9/9        EV:  6    Int:  5    God:
Gold:   410        SH: 10    Dex: 13    Spells: 9/9 levels left

rFire   . . .      SeeInvis .   a - +0 long sword
rCold   . . .      Faith    .   c - +0 kite shield
rNeg    . . .      Spirit   .   i - +0 plate armour
rPois   .          Reflect  .   (helmet restricted)
rElec   .          Harm     .   (no cloak)
rCorr   .          Rampage  .   (no gloves)
Will    .....                   (no boots)
Stlth   ..........              (no amulet)
HPRegen 0.25/turn               (no ring)
MPRegen 0.11/turn               (no ring)

@: mighty
A: horns 2, retaliatory headbutt
a: no special abilities


You were on level 7 of the Dungeon.
You visited 2 branches of the dungeon, and saw 8 of its levels.

You collected 465 gold pieces.
You spent 55 gold pieces at shops.

Inventory:

Hand Weapons
 a - a +0 long sword (weapon)
 b - the +7 staff of the Meek {protect, meekguard}
   (You found it on level 2 of the Dungeon)

   It grants its wielder temporary protection when it strikes (+7 to AC).
   It provides extra protection to wielders with little health.
Armour
 c - a +0 kite shield (worn)
 i - a +0 plate armour (worn)
 l - a +0 chain mail
Jewellery
 h - a +6 ring of intelligence
 o - a ring of fire
Wands
 y - a wand of flame (14)
 A - a wand of digging (6)
Scrolls
 e - a scroll of immolation {unknown}
 n - a scroll of fear {unknown}
 q - a scroll of identify
 r - 3 scrolls of teleportation {unknown}
 s - a scroll of silence {unknown}
 u - 2 scrolls of enchant weapon {unknown}
 v - a scroll of amnesia {unknown}
 w - 3 scrolls of magic mapping {unknown}
Potions
 d - a potion of might
 f - a potion of resistance
 g - 7 potions of curing
 j - 2 potions of flight
 k - a potion of ambrosia {unknown}
 m - a potion of cancellation
 t - 2 potions of attraction {unknown}
 x - a potion of mutation {unknown}
 z - a potion of haste {unknown}


   Skills:
 + Level 9.4 Fighting
 + Level 11.5 Long Blades
 + Level 10.5 Armour
 + Level 2.3 Dodging
 + Level 1.1 Stealth
 + Level 7.4 Shields


You had 9 spell levels left.
You didn't know any spells.
Your spell library contained the following spells:

 Spells                   Type           Power      Damage    Failure   Level
 Beastly Appendage        Tmut           0%         N/A       100%        1
 Wereblood                Tmut           0%         N/A       100%        2
 Call Canine Familiar     Summ           0%         N/A       100%        3
 Confusing Touch          Hex            0%         N/A       100%        3
 Ozocubu's Armour         Ice            0%         N/A       100%        3
 Portal Projectile        Hex/Tloc       0%         N/A       100%        3
 Spider Form              Tmut/Pois      0%         N/A       100%        3
 Leda's Liquefaction      Hex/Erth       0%         N/A       100%        4
 Yara's Violent Unravell  Hex/Tmut       0%         3d3       100%        5
 Enfeeble                 Hex            0%         N/A       100%        7
 Ozocubu's Refrigeration  Ice            0%         4d5       100%        7


Dungeon Overview and Level Annotations

Branches:
Dungeon (7/15)             Temple (1/1) D:4

Altars:
Ashenzari
Cheibriados
Dithmenos
Elyvilon
Gozag
Kikubaaqudgha
Nemelex Xobeh
Qazlal
Ru
Sif Muna
Trog
Xom
Yredelemnul
The Shining One

Shops:
D:5 !


Innate Abilities, Weirdness & Mutations

You have a pair of horns on your head.
You reflexively headbutt those who attack you in melee.


Message History

* * * LOW HITPOINT WARNING * * *
The two-headed ogre hits you but does no damage.
You slice the two-headed ogre!!
The two-headed ogre is almost dead.
The two-headed ogre barely misses you. You furiously retaliate!
You headbutt the two-headed ogre. The two-headed ogre barely misses you.
You hit the two-headed ogre.
The two-headed ogre is almost dead.
You slash the two-headed ogre!
You kill the two-headed ogre!
You feel much better. Something hits you.
Something bites you but does no damage.
You slash something! Something hits you!
Something bites you but does no damage.
You closely miss something. Your headbutt misses something. Something hits you.
Something bites you.
Something draws strength from your injuries!
You slash something! Your headbutt misses something.
Something hits you but does no damage. Something bites you but does no damage.
You closely miss something. Your headbutt misses something.
An orc wizard comes into view. It is wielding a +0 dagger.
Something hits you. Something bites you!
* * * LOW HITPOINT WARNING * * *
Something draws strength from your injuries!
You closely miss something.
The orc wizard shouts!
You headbutt something.
The orc wizard gestures at you while chanting.
You block the puff of flame. Something hits you but does no damage.
Something bites you but does no damage.
You hit something. You headbutt something! You completely miss something.
Your headbutt misses something. Something draws life force from you!
* * * LOW HITPOINT WARNING * * *
The orc wizard gestures at you while chanting.
The magic dart hits you!
* * * LOW HITPOINT WARNING * * *
You hit something. Your headbutt misses something.
Something draws life force from you!!
You die...

...##..#.....#....# #...####...
....#.##.###.##....####..###.....
.##...#......o#..................
.##..##.#####.##.................
.##..#.........#.................
....##.#######.##..........).....
...## ##.##............... #..#
#..##.............. ..##
##@##...##......... ..#
.....O{#.#..#####....... .##
#.###.##.##.## #....... .#
).J#.##.#.#..# ##...... ##.
#.##.##.#[##.## #...... #.. #=#.
#.#.#.#..# ##..... #. ###
##.#.#.##.## #..... .# .#.
#.#.#.#.#..# ##.... .#
##.#.#.#.##)# ###....


You could see a slime creature, a two-headed ogre and an orc wizard.

Vanquished Creatures
  2 two-headed ogres
  Pikel (D:5)
  A manticore (D:7)
  Grinder (D:4)
  A meliai zombie (D:7)
  Sigmund (D:6)
  A yak (D:7)
  A vampire mosquito (D:7)
  A water moccasin (D:4)
  An ice beast (D:5)
  2 orc warriors (D:6)
  2 black bears
  6 ogres
  2 necrophages
  2 sky beasts (D:7)
  A centaur (D:7)
  3 lemures
  3 bullfrogs (D:7)
  A gnoll sergeant (D:7)
  3 scorpions (D:7)
  A wyvern skeleton (D:6)
  A water moccasin skeleton (D:5)
  A howler monkey (D:5)
  A centaur zombie (D:6)
  A gnoll shaman (D:7)
  4 orc priests
  5 hounds
  A jelly (D:4)
  2 iguanas
  Terence (D:2)
  7 orc wizards
  2 killer bee zombies (D:6)
  A hound skeleton (D:4)
  A howler monkey skeleton (D:6)
  4 adders
  3 white imps
  An adder skeleton (D:4)
  3 worms
  11 dart slugs (D:3)
  17 orcs
  7 endoplasms
  4 giant cockroaches
  13 goblins
  9 hobgoblins
  3 jackals (D:3)
  3 quokkas
  3 ball pythons
  2 bats
  4 kobolds
  4 rats
156 creatures vanquished.

Vanquished Creatures (others)
  An orc (D:7)
  10 plants (D:1)
11 creatures vanquished.

Grand Total: 167 creatures vanquished

Notes
Turn   | Place    | Note
-------+----------+-------------------------------------------
     0 | D:1      | Peloso the Minotaur Fighter began the quest for the Orb.
     0 | D:1      | Reached XP level 1. HP: 19/19 MP: 0/0
   269 | D:1      | Reached XP level 2. HP: 23/27 MP: 1/1
   574 | D:1      | Found a faded altar of an unknown god.
  1012 | D:2      | Reached XP level 3. HP: 24/33 MP: 2/2
  1141 | D:2      | Found the +7 staff of the Meek {protect, meekguard}
  1251 | D:2      | Noticed Terence
  1263 | D:2      | Killed Terence
  1264 | D:2      | Reached skill level 3 in Long Blades
  1638 | D:2      | Reached XP level 4. HP: 31/40 MP: 3/3
  2580 | D:3      | Reached skill level 1 in Dodging
  2730 | D:3      | Noticed an ogre
  2745 | D:3      | Killed an ogre
  2746 | D:3      | Reached skill level 4 in Long Blades
  2746 | D:3      | Reached XP level 5. HP: 19/47 MP: 4/4
  3403 | D:4      | Reached skill level 5 in Armour
  3418 | D:4      | Reached XP level 6. HP: 24/53 MP: 5/5
  3424 | D:4      | Found a sacrificial altar of Ru.
  3440 | D:4      | Reached skill level 5 in Long Blades
  3456 | D:4      | Reached skill level 5 in Fighting
  3641 | D:4      | Noticed a water moccasin
  3650 | D:4      | Killed a water moccasin
  3947 | D:4      | Found a staircase to the Ecumenical Temple.
  3961 | D:4      | Reached skill level 5 in Shields
  3961 | D:4      | Reached XP level 7. HP: 20/61 MP: 6/6
  4240 | Temple   | Entered the Ecumenical Temple
  4519 | D:4      | Noticed Grinder
  4529 | D:4      | Paralysed by Grinder for 2 turns
  4537 | D:4      | Killed Grinder
  4538 | D:4      | Reached skill level 6 in Long Blades
  4931 | D:4      | Reached skill level 7 in Long Blades
  5044 | D:4      | Found an opulent altar of Gozag.
  5145 | D:5      | Entered Level 5 of the Dungeon
  5170 | D:5      | Reached XP level 8. HP: 70/70 MP: 7/7
  5627 | D:5      | Found Osourph's Distillery.
  5697 | D:5      | Bought a potion of heal wounds for 55 gold pieces
  5724 | D:5      | Noticed a two-headed ogre
  5731 | D:5      | Killed a two-headed ogre
  5732 | D:5      | Reached skill level 9 in Long Blades
  5837 | D:5      | Reached XP level 9. HP: 78/78 MP: 8/8
  6149 | D:6      | Found a bloodstained altar of Trog.
  6150 | D:6      | Noticed Pikel
  6287 | D:5      | Killed Pikel
  6745 | D:6      | Noticed Sigmund
  6755 | D:6      | Killed Sigmund
  6756 | D:6      | Reached skill level 10 in Long Blades
  7887 | D:7      | Reached skill level 1 in Stealth
  8053 | D:7      | Reached XP level 10. HP: 90/90 MP: 9/9
  8277 | D:7      | Reached skill level 11 in Long Blades
  8742 | D:7      | Noticed a two-headed ogre
  8742 | D:7      | Noticed a two-headed ogre
  8742 | D:7      | Noticed a manticore
  8750 | D:7      | Reached skill level 10 in Armour
  8753 | D:7      | Killed a manticore
  8760 | D:7      | Killed a two-headed ogre
  8768 | D:7      | HP: 3/91 [orc wizard/magic dart (7)]
  8769 | D:7      | Killed from afar by a vampire

Illustrated notes

Levels and vault maps discovered:
D:1:      erik_arrival_cave_to_civilisation [erik_arrival_cave_to_temple],
          layout_rooms, dilly_ecumenical_altar_fadedgnrine,
          grunt_decor_mini_mirrors
D:2:      minmay_evil_eye, layout_basic, uniq_terence
D:3:      kennysheep_slugbush, layout_loops_cross, minmay_ogre_servants
D:4:      layout_gridville, kennysheep_little_box, mainiacjoe_overflow_brackets,
          minmay_temple_entry_trees, st_stairs_8, uniq_grinder
D:5:      layout_basic, serial_shops, shop_statue
D:6:      layout_cave_pools, amcnicky_altar_gilded, uniq_pikel, uniq_sigmund
D:7:      minmay_the_grid_triangle_9x9_recursive_2
          [minmay_the_grid_triangle_9x9_prize_top_heavy,
          minmay_the_grid_triangle_9x9_stretched_checkered,
          minmay_the_grid_triangle_9x9_wacky_v,
          minmay_the_grid_triangle_9x9_steps], layout_layer_cave
Temple:   bh_familiar_temple

Skill      XL: |  1  2  3  4  5  6  7  8  9 10 |
---------------+-------------------------------+-----
Shields        | 4 5 6 7 |  7.4
Fighting       | 4 5 6 8 9 |  9.4
Armour         | 4 5 6 8 9 10 | 10.5
Long Blades    | 3 4 5 7 9 10 11 | 11.5
Dodging        | 1 2 |  2.3
Stealth        | 1 |  1.1

Action                   |  1- 3 |  4- 6 |  7- 9 | 10-12 || total
-------------------------+-------+-------+-------+-------++-------
Melee: Long sword        |    83 |   114 |   292 |    65 ||   554
       Headbutt          |     8 |    16 |    41 |     9 ||    74
  Use: Scroll            |       |     5 |     1 |       ||     6
       Potion            |       |     1 |       |     2 ||     3
Armor: Scale mail        |    39 |     7 |       |       ||    46
       Chain mail        |       |    38 |    55 |       ||    93
       Plate armour      |       |       |    69 |    36 ||   105
Dodge: Dodged            |    31 |    46 |    88 |    18 ||   183
Block: Buckler           |    16 |    24 |    65 |       ||   105
       Kite shield       |       |       |     4 |    24 ||    28
